 Dungeon Crawl Stone Soup version 0.31-a0-441-g867994ef1c (webtiles) character file.

Game seed: 11988125398888420898

30 jlumianski the Magician (level 3, -5/2 HPs)
             Began as a Djinni Fire Elementalist on Aug 2, 2023.
             Slain by a white imp (6 damage)
             ... on level 5 of the Dungeon.
             The game lasted 00:05:16 (1068 turns).

jlumianski the Magician (Djinni Fire Elementalist)  Turns: 1068, Time: 00:05:20

Health: -5/2       AC:  0    Str:  7    XL:     3   Next: 35%
Gold:   83         EV: 13    Int: 16    God:
                   SH:  0    Dex: 15

rFire   + + .        f - melded +0 short sword
rCold   x . .        (shield currently unavailable)
rNeg    . . .        a - +0 robe
rPois   ∞            (no helmet)
rElec   .            (no cloak)
rCorr   .            (gloves currently unavailable)
SInv    .            (boots unavailable)
Will    .....        (no amulet)
Stlth   ++           (no ring)
HPRegen 0.20/turn    (no ring)
MPRegen 0.00/turn

%: infuse magic (-6 HP)
@: blade hands, flying
A: flying, reduced hp, sickness immunity, fire resistance 2, cold vulnerability
1, float, innate caster, HP casting, extra vitality 1
a: Begin Untransformation


You were on level 5 of the Dungeon.
You had blades for hands.
You visited 1 branch of the dungeon, and saw 5 of its levels.

You collected 83 gold pieces.

Inventory:

Hand Weapons
 c - a +0 dagger
 f - a +0 short sword (melded)
Armour
 a - a +0 robe (worn)
Jewellery
 i - a ring of fire
Talismans
 k - a blade talisman (active)
 l - a beast talisman
Scrolls
 b - 3 scrolls of identify {unknown}
 e - a scroll of revelation {unknown}
 h - 2 scrolls of blinking {unknown}
 j - 2 scrolls of vulnerability {unknown}
Potions
 d - 2 potions of lignification {unknown}
 g - a potion of curing {unknown}


   Skills:
 + Level 0.1 Fighting
 - Level 0.1 Short Blades
 + Level 2.9 Dodging
 + Level 2.2 Stealth
 * Level 3.1 Spellcasting
 * Level 3.1 Conjurations
 * Level 3.1 Hexes
 * Level 3.1 Summonings
 * Level 3.1 Necromancy
 * Level 3.1 Translocations
 * Level 3.1 Transmutations
 * Level 3.1 Fire Magic
 * Level 3.1 Ice Magic
 * Level 3.1 Air Magic
 * Level 3.1 Earth Magic
 * Level 3.1 Poison Magic


You knew the following spells:

 Your Spells              Type           Power      Damage    Failure   Level
a - Foxfire               Conj/Fire      48%        2x1d6     34%         1
b - Scorch                Fire           24%        2d6       41%         2
c - Volatile Blastmotes   Fire/Tloc      24%        2d12      56%         3
d - Inner Flame           Hex/Fire       12%        N/A       56%         3
e - Flame Wave            Conj/Fire      12%        2d6       85%         4
f - Magic Dart            Conj           48%        1d5       34%         1
Your spell library was empty.

Dungeon Overview and Level Annotations

Branches:
Dungeon (5/15)
 Temple: D:4-7

Altars:


Innate Abilities, Weirdness & Mutations

You have blades for hands.
You are flying.
Your maximum health is decreased, since you lack skill for your form.
Your spellcasting is less reliable in this form.
You are incapable of wielding weapons or throwing items.
You are immune to sickness and miasma.
You are immune to poison.
Your flesh is very heat resistant. (rF++)
You are vulnerable to cold. (rC-)
You float through the air rather than walking.
You learn spells naturally, not from books.
Your magical power is your life essence.
You have superior vitality. (+4 MHP)


Message History

You now have 83 gold pieces (gained 13).
There is a stone staircase leading down here.
You fly downwards.
Found a dagger and a beast talisman.
Found a stone staircase leading down.
There is a stone staircase leading up here.
Found a scale mail.
Found a stone staircase leading down.
Found a scroll labelled JUONLE BIORCHY ZEU.
Found an escape hatch in the ceiling.
A bat comes into view.
A rat comes into view.
Casting: Foxfire (safe; 34% risk of failure)
Confirm with . or Enter, or press ? or * to list all spells.
Okay, then.
You see here a beast talisman.
l - a beast talisman You closely miss the rat.
The rat twitches its whiskers.
The rat closely misses you.
You hit the rat.
You kill the rat!
The helpless bat fails to defend itself.
You slash the bat!
You kill the bat!
There is an escape hatch in the ceiling here.
h - 2 scrolls labelled JUONLE BIORCHY ZEU (gained 1)
There is a stone staircase leading down here.
You fly downwards.
Found a trident.
Found a stone staircase leading down.
There is a stone staircase leading up here.
You see here a +0 trident.
There is a stone staircase leading down here.
You fly downwards.
There is a stone staircase leading up here.
You hit the white imp.
The white imp is moderately wounded.
The white imp hits you.
Ouch! That really hurt!
The white imp freezes you.
You feel a terrible chill!
Ouch! That really hurt!
You die...

##+##
##...##
##.....##
##.......##
#.........#
+.........+
#....@....#
##...5...##
##.....##
##...##
##+##


You could see a white imp.

Vanquished Creatures
  2 ball pythons (D:1)
  2 endoplasms (D:1)
  A giant cockroach (D:1)
  3 goblins (D:1)
  3 hobgoblins
  3 quokkas (D:1)
  4 bats
  A frilled lizard (D:1)
  4 kobolds (D:1)
  4 rats
27 creatures vanquished.

Vanquished Creatures (others)
  47 foxfires
47 creatures vanquished.

Grand Total: 74 creatures vanquished

Notes
Turn   | Place    | Note
-------+----------+-------------------------------------------
     0 | D:1      | jlumianski the Djinni Fire Elementalist began the quest for
                  | the Orb.
     0 | D:1      | jlumianski set off with the following spells memorised:
                  | Foxfire, Scorch, Volatile Blastmotes, Inner Flame, Flame
                  | Wave.
     0 | D:1      | Reached XP level 1. HP: 15/15 MP: 0/0
    59 | D:1      | Reached XP level 2. HP: 19/21 MP: 0/0
   417 | D:1      | Reached XP level 3. HP: 24/25 MP: 0/0
   417 | D:1      | Learned a level 1 spell: Magic Dart
  1067 | D:5      | Entered Level 5 of the Dungeon
  1068 | D:5      | Slain by a white imp

Illustrated notes

Levels and vault maps discovered:
D:1:      psy_arrival_radial01, layout_basic
D:2:      layout_loops_corners, serial_shops, nicolae_shop_real_fake_doors
D:3:      layout_rooms, serial_shops, shop
D:4:      layout_loops_ring, serial_shops, nicolae_shop_gaudy_bauble
D:5:      layout_loops_corners, old_standard_altar, ebering_ghost_disaster_area,
          minmay_gold_behind_fungi, minmay_misc_feat_tower, uniq_blork_the_orc

Skill      XL: |  1  2 |
---------------+-------+-----
Spellcasting   | |  3.1
Conjurations   | |  3.1
Hexes          | |  3.1
Summonings     | |  3.1
Necromancy     | |  3.1
Translocations | |  3.1
Transmutations | |  3.1
Fire Magic     | |  3.1
Ice Magic      | |  3.1
Air Magic      | |  3.1
Earth Magic    | |  3.1
Poison Magic   | |  3.1
Stealth        | 2 |  2.2
Fighting       | |  0.1
Short Blades   | |  0.1
Dodging        | |  2.9

Action                     || total
---------------------------++-------
  Melee: Short sword       ||    14
         Dagger            ||     1
         Unarmed           ||     4
   Cast: Foxfire           ||    26
   Stab: Sleeping          ||     4
 Armour: Robe              ||     4
  Dodge: Dodged            ||    18
   Form: Blade             ||     1

Table legend: (Time is in decaauts)
 A = Elapsed time spent in this place.
 B = Non-inter-level travel time spent in this place.
 C = Inter-level travel time spent in this place.
 D = Time resting spent in this place.
 E = Time spent auto-exploring this place.
 F = Levels seen in this place.
 G = Mean time per level.
                   A        B        C        D        E       F      G
               +--------+--------+--------+--------+--------+-----+--------+
         Total |   1067 |   1048 |     19 |     14 |    707 |   5 |  213.4 |
       Dungeon |   1067 |   1048 |     19 |     14 |    707 |   5 |  213.4 |
               +--------+--------+--------+--------+--------+-----+--------+

Top non-repeatable levels by time:
     D:1: 891 daAuts
     D:2: 148 daAuts
     D:3: 20 daAuts
     D:4: 5 daAuts
     D:5: 0 daAuts
